 Dungeon Crawl Stone Soup version 0.30-a0-939-gc8157cb160 (webtiles) character file.

Game seed: 3205377203485123662

993 pokeman the Thaumaturge (level 7, -1/40 HPs)
             Began as a Deep Elf Hedge Wizard on Mar 25, 2023.
             Was a Believer of Vehumet.
             Killed from afar by FexLirch's ghost (20 damage)
             ... with a stone arrow
             ... on level 4 of the Dungeon.
             The game lasted 00:13:03 (5567 turns).

pokeman the Thaumaturge (Deep Elf Hedge Wizard)     Turns: 5567, Time: 00:13:04

Health: -1/40      AC:  3    Str:  7    XL:     7   Next: 98%
Magic:  21/21      EV: 18    Int: 21    God:    Vehumet [**....]
Gold:   242        SH:  0    Dex: 14    Spells: 15/23 levels left

rFire   . . .      SeeInvis .    o - +0 dagger (venom)
rCold   . . .      Faith    .    (no shield)
rNeg    . . .      Spirit   .    b - +0 robe
rPois   +          Reflect  .    p - +0 helmet
rElec   .          Rampage  .    (no cloak)
rCorr   .                        (no gloves)
Will    .....                    (no boots)
Stlth   ++                       (no amulet)
HPRegen 0.26/turn                e - ring of poison resistance
MPRegen 0.17/turn                w - +5 ring of evasion

@: no status effects
A: no striking features
a: Renounce Religion


You were on level 4 of the Dungeon.
You worshipped Vehumet.
Vehumet was pleased with you.
You visited 1 branch of the dungeon, and saw 4 of its levels.
You also visited: Sewer.

You collected 314 gold pieces.
You spent 72 gold pieces at shops.

Inventory:

Hand Weapons
 f - a +1 dagger of electrocution
 o - a +0 dagger of venom (weapon)
Missiles
 z - a curare-tipped dart
Armour
 b - a +0 robe (worn)
 h - a +0 buckler
 p - a +0 helmet (worn)
 B - a +3 ring mail of poison resistance
 J - the +8 ring mail "Kocic" {Int+2 Stlth+}
   (You found it on level 4 of the Dungeon)

   Int:       It affects your intelligence (+2).
   Stlth:     It makes you more stealthy.
Magical Staves
 A - a staff of death
Jewellery
 e - a ring of poison resistance (left hand)
 w - a +5 ring of evasion (right hand)
 F - a ring of protection from fire
Wands
 c - a wand of digging (1)
 n - a wand of polymorph (2)
 s - a wand of flame (24)
 u - a wand of mindburst (20)
Scrolls
 k - 3 scrolls of teleportation {unknown}
 l - 2 scrolls of torment {unknown}
 r - a scroll of immolation {unknown}
 t - a scroll of fear {unknown}
 y - 2 scrolls of enchant weapon {unknown}
 C - a scroll of silence {unknown}
 E - a scroll of poison {unknown}
 H - a scroll of noise {unknown}
 I - a scroll of identify {unknown}
Potions
 a - 2 potions of degeneration {unknown}
 d - 4 potions of magic
 g - 3 potions of brilliance {unknown}
 i - a potion of attraction {unknown}
 j - a potion of curing {unknown}
 m - 2 potions of ambrosia {unknown}
 q - a potion of flight {unknown}
 v - a potion of invisibility {unknown}
 x - 2 potions of resistance {unknown}
 D - 2 potions of lignification {unknown}
 G - 2 potions of mutation {unknown}


   Skills:
 - Level 2.0 Fighting
 + Level 1.9 Armour
 - Level 3.0 Dodging
 - Level 3.2 Stealth
 - Level 1.0 Shields
 * Level 8.7 Spellcasting
 + Level 4.4 Conjurations
 + Level 2.7 Summonings
 - Level 1.0 Necromancy
 - Level 1.1 Translocations
 - Level 1.0 Air Magic
 - Level 1.0 Poison Magic
 - Level 1.2 Evocations


You had 15 spell levels left.
You knew the following spells:

 Your Spells              Type           Power      Damage    Failure   Level
a - Magic Dart            Conj           100%       1d8       1%          1
b - Mephitic Cloud        Conj/Pois/Air  18%        N/A       9%          3
c - Call Imp              Summ           20%        N/A       3%          2
d - Blink                 Tloc           26%        N/A       7%          2

Your spell library contained the following spells:

 Spells                   Type           Power      Damage    Failure   Level
 Sandblast                Erth           18%        2d7       8%          1
 Summon Small Mammal      Summ           80%        N/A       2%          1
 Sting                    Tmut/Pois      44%        1d5       6%          1
 Call Canine Familiar     Summ           20%        N/A       7%          3
 Slow                     Hex            36%        N/A       8%          1
 Cigotuvi's Dreadful Rot  Necr/Pois/Air  26%        N/A       8%          2
 Poisonous Vapours        Pois/Air       26%        N/A       8%          2
 Ensorcelled Hibernation  Hex/Ice        18%        N/A       11%         2
 Passwall                 Tmut/Erth      7%         N/A       11%         2
 Summon Guardian Golem    Hex/Summ       14%        N/A       13%         3
 Swiftness                Air            13%        N/A       14%         3
 Olgreb's Toxic Radiance  Pois           13%        N/A       43%         4


Dungeon Overview and Level Annotations

Branches:
Dungeon (4/15)              Sewer (visited)
 Temple: D:4-7

Altars:
Ashenzari
Hepliaklqana
Nemelex Xobeh
Trog
Vehumet

Shops:
D:1 *

Annotations:
D:4 FexLirch's ghost, amateur MeEE


Message History

Press: ? - help, v - describe, . - travel, g - get item
Here: FexLirch's ghost (fire blocked by a translucent stone wall) Item here: 12 gold pieces.
A collapsed entrance.
You open the door.
Casting: Magic Dart (safe; 1% risk of failure)
Confirm with . or Enter, or press ? or * to list all spells.
Aiming: Magic Dart (safe; 1% risk of failure)
Press: ? - help, Shift-Dir - straight line, f - adder
Aim: an adder (100% to hit)
The magic dart hits the adder.
The adder is heavily wounded.
The adder misses you.
Casting: Magic Dart (safe; 1% risk of failure)
Confirm with . or Enter, or press ? or * to list all spells.
Aiming: Magic Dart (safe; 1% risk of failure)
Press: ? - help, Shift-Dir - straight line, f/p - adder
Aim: an adder (heavily wounded, 100% to hit)
The magic dart hits the adder.
The adder is severely wounded.
The adder bites you. The adder barely misses you.
Casting: Magic Dart (safe; 1% risk of failure)
Confirm with . or Enter, or press ? or * to list all spells.
Aiming: Magic Dart (safe; 1% risk of failure)
Press: ? - help, Shift-Dir - straight line, f/p - adder
Aim: an adder (severely wounded, 100% to hit)
The magic dart hits the adder.
You kill the adder!
Vehumet accepts your kill.
You feel your power returning.
FexLirch's ghost points at you and mumbles some strange words.
The stone arrow hits you!!
Ouch! That really hurt!
FexLirch's ghost casts a spell at you. The stone arrow misses you.
There is a stone staircase leading down here.
FexLirch's ghost casts a spell at you. The stone arrow hits you!!
Ouch! That really hurt!
You die...

###.....# #.#..##......#.#### #
#.....#######..............# #
#.....#..............######## #
#...........................# #
#....................######.### #
#.................#######.....# #
#.............................# #
#...........................).# #
#######......>@...............# #
#...(...###########...... #
#.......##.......##.....# #
#.......##.......##.....# #
#...W...##.......##.....#
#########.......##.......##.....#
#......###......##..)....##.....#
#......#~#..######.......##.....#
#......#$#..######.......##.....#


You could see FexLirch's ghost.

Vanquished Creatures
  An ogre (D:4)
  6 kobold brigands (Sewer)
  An iguana (D:4)
  Jessica (D:2)
  Natasha (thrice) (D:2)
  Terence (D:2)
  Robin (D:2)
  14 adders
  5 river rats
  An ufetubus (D:4)
  4 worms (Sewer)
  5 dart slugs
  2 orcs
  8 endoplasms
  3 giant cockroaches
  21 goblins
  7 hobgoblins
  4 jackals (D:2)
  5 quokkas
  11 ball pythons
  5 bats
  3 frilled lizards
  9 kobolds
  8 rats
  A spectral hobgoblin (D:2)
130 creatures vanquished.

Vanquished Creatures (collateral kills)
  An iguana (D:4)
1 creature vanquished.

Grand Total: 131 creatures vanquished

Notes
Turn   | Place    | Note
-------+----------+-------------------------------------------
     0 | D:1      | pokeman the Deep Elf Hedge Wizard began the quest for the
                  | Orb.
     0 | D:1      | Reached XP level 1. HP: 10/10 MP: 7/7
   339 | D:1      | Reached XP level 2. HP: 16/16 MP: 0/9
   767 | D:1      | Reached skill level 5 in Spellcasting
   979 | D:1      | Found Fyfuemi's Assorted Antiques.
   984 | D:1      | Bought a sedimented inky potion for 17 gold pieces
   984 | D:1      | Bought a green potion for 17 gold pieces
   984 | D:1      | Bought a scroll labelled DIATRA UTOEQITE for 19 gold pieces
   984 | D:1      | Bought a scroll labelled ZODDUXKYALA for 19 gold pieces
  1021 | D:1      | Reached XP level 3. HP: 20/20 MP: 7/11
  1025 | D:1      | Learned a level 3 spell: Mephitic Cloud
  1028 | D:1      | Learned a level 2 spell: Call Imp
  1031 | D:1      | Learned a level 2 spell: Blink
  1411 | D:2      | Noticed Jessica
  1418 | D:2      | Killed Jessica
  1419 | D:2      | Reached skill level 1 in Fighting
  1419 | D:2      | Reached skill level 1 in Armour
  1430 | D:2      | Reached XP level 4. HP: 16/25 MP: 0/13
  1541 | D:2      | Noticed Natasha
  1555 | D:2      | Killed Natasha
  1674 | D:2      | Noticed Terence
  1708 | D:2      | Killed Terence
  1709 | D:2      | Reached skill level 6 in Spellcasting
  1709 | D:2      | Reached XP level 5. HP: 27/29 MP: 1/15
  1781 | D:2      | Noticed Robin
  1785 | D:2      | Reached skill level 1 in Shields
  1794 | D:2      | Killed Robin
  2024 | D:2      | Noticed Natasha
  2029 | D:2      | Killed Natasha
  2074 | D:2      | Noticed Natasha
  2084 | D:2      | Killed Natasha
  2137 | D:2      | Found a faded altar of an unknown god.
  2321 | D:2      | Reached skill level 1 in Air Magic
  2476 | D:2      | Found a hazy altar of Hepliaklqana.
  2620 | D:3      | Found a radiant altar of Vehumet.
  2620 | D:3      | Found a bloodstained altar of Trog.
  2621 | D:3      | Found a broken altar of Ashenzari.
  2624 | D:3      | Became a worshipper of Vehumet
  2653 | D:3      | Found a sparkling altar of Nemelex Xobeh.
  3572 | D:4      | Noticed Edmund
  3612 | D:4      | Reached XP level 6. HP: 34/34 MP: 10/17
  3673 | D:4      | Found a runed translucent door.
  3676 | D:4      | Noticed FexLirch's ghost (amateur MeEE)
  3763 | D:4      | Reached skill level 1 in Poison Magic
  3772 | D:4      | Found a glowing drain.
  3781 | Sewer    | Entered a sewer
  3829 | Sewer    | Reached skill level 7 in Spellcasting
  3873 | Sewer    | Reached skill level 1 in Evocations
  4036 | Sewer    | Reached * piety under Vehumet
  4036 | Sewer    | Offered knowledge of Shock by Vehumet.
  4130 | Sewer    | Reached XP level 7. HP: 30/39 MP: 15/20
  4454 | Sewer    | Reached skill level 8 in Spellcasting
  4776 | D:4      | Edmund changed into Edmund the iguana
  4776 | D:4      | Noticed Edmund
  4776 | D:4      | Killed Edmund the iguana
  5312 | D:4      | Reached skill level 1 in Necromancy
  5408 | D:4      | Reached ** piety under Vehumet
  5408 | D:4      | Offered knowledge of Sandblast by Vehumet.
  5443 | D:4      | Identified the +8 ring mail "Kocic" {Int+2 Stlth+}
  5567 | D:4      | Killed from afar by FexLirch's ghost

Illustrated notes

Levels and vault maps discovered:
D:1:      shiori_shiawase, layout_loops_corners, serial_shops,
          nicolae_shop_hallway_plus, serial_bayou_pond_d,
          dreamdust_wishing_well, hex_medium
D:2:      layout_rooms, basic_altar, dreamdust_ecumenical_altar_drowned_temple,
          st_stairs_9, uniq_robin, uniq_natasha, uniq_jessica, uniq_terence
D:3:      layout_loops_corners, nicolae_overflow_quartered_altars,
          hangedman_decor_points, kennysheep_generic_room_8
D:4:      minmay_razor_zed, layout_basic, portal_sewer_entry_e,
          ebering_ghost_sewer_d, uniq_edmund

Skill      XL: |  1  2  3  4  5  6  7 |
---------------+----------------------+-----
Spellcasting   | 5 6 7 8 |  8.7
Fighting       | 1 2 |  2.0
Armour         | 1 |  1.9
Conjurations   | 2 3 4 |  4.4
Shields        | 1 |  1.0
Dodging        | 3 |  3.0
Air Magic      | 1 |  1.0
Stealth        | 3 |  3.2
Poison Magic   | 1 |  1.0
Evocations     | 1 |  1.2
Summonings     | 2 |  2.7
Necromancy     | 1 |  1.0
Translocations | |  1.1

Action                     |  1- 3 |  4- 6 |  7- 9 || total
---------------------------+-------+-------+-------++-------
  Melee: Dagger            |     2 |    80 |    49 ||   131
         Punch             |       |     3 |       ||     3
   Cast: Magic Dart        |    78 |   110 |    52 ||   240
         Mephitic Cloud    |       |    11 |     8 ||    19
         Call Imp          |       |     2 |     1 ||     3
         Blink             |       |       |     1 ||     1
  Evoke: Wand              |       |       |     6 ||     6
   Stab: Confused          |       |     9 |     3 ||    12
         Sleeping          |       |     1 |       ||     1
 Armour: Robe              |     4 |    12 |     1 ||    17
  Dodge: Dodged            |     4 |    80 |    38 ||   122

Table legend: (Time is in decaauts)
 A = Elapsed time spent in this place.
 B = Non-inter-level travel time spent in this place.
 C = Inter-level travel time spent in this place.
 D = Time resting spent in this place.
 E = Time spent auto-exploring this place.
 F = Levels seen in this place.
 G = Mean time per level.
                   A        B        C        D        E       F      G
               +--------+--------+--------+--------+--------+-----+--------+
         Total |   5728 |   5604 |    124 |    164 |   4421 |   5 | 1145.6 |
       Dungeon |   4704 |   4580 |    124 |    164 |   3651 |   4 | 1176.0 |
         Sewer |   1024 |   1024 |      0 |      0 |    769 |   1 | 1024.0 |
               +--------+--------+--------+--------+--------+-----+--------+

Top non-repeatable levels by time:
     D:1: 1596 daAuts
     D:4: 1227 daAuts
   Sewer: 1024 daAuts
     D:2: 956 daAuts
     D:3: 923 daAuts
